Map: [EWC] Goldenaura

Players

Oliveira

  • Race: Terran Terran
  • Spawn Location: 5:00

ByuN - Winner!

  • Race: Terran Terran
  • Spawn Location: 12:00

Event: Esports World Cup 2024

VOD

Have the link to the VOD?

Description

Time

  • Played on: Aug. 16, 2024, 8:39 a.m.
  • Length: 35:01

All games in this series

Show
View Real Time Build Order
Export as new Build Order

Oliveira Terran 

Build Orders: Cyclone Opening 

Get SALT Encoding   

  12  0:00  SCV  
  13  0:12  SCV  
  14  0:17  Supply Depot  
  14  0:24  SCV  
  15  0:38  SCV  
  15  0:39  Barracks  
  16  0:44  Refinery  
  16  0:50  SCV  
  17  0:59  Barracks  
  17  1:03  SCV  
  18  1:10  Refinery  
  18  1:15  SCV  
  19  1:27  Orbital Command  
  19  1:31  Reaper  
  20  1:46  Reaper  
  21  1:47  Supply Depot  
  21  1:53  SCV  
  22  2:03  Reaper  
  23  2:08  SCV  
  23  2:11  Factory  
  24  2:18  Reaper  
  24  2:20  SCV  
  26  2:33  SCV  
  28  2:41  Command Center  
  28  2:49  SCV  
  29  2:52  Supply Depot  
  29  2:55  Cyclone  
  30  3:02  Starport  
  30  3:05  SCV  
  31  3:08  Barracks Reactor  
  31  3:18  Barracks Tech Lab  
  29  3:23  SCV  
  30  3:29  Cyclone  
  30  3:35  SCV  
  30  3:40  Medivac  
  33  3:46  Marine  
  33  3:47  SCV, Marine x2  
  37  3:52  Orbital Command  
  37  3:59  SCV  
  38  4:02  Factory Tech Lab  
  38  4:04  Marine x2, Stimpack  
  38  4:05  Marine  
  40  4:14  SCV  
  39  4:17  Starport Reactor  
  39  4:18  SCV  
  41  4:26  SCV  
  41  4:30  Command Center  
  41  4:32  SCV  
  41  4:37  Refinery  
  42  4:40  Siege Tank  
  42  4:41  SCV  
  46  4:46  Supply Depot, SCV  
  46  4:48  Marine  
  46  4:51  Marine  
  49  4:54  Viking  
  49  4:56  SCV  
  49  4:58  SCV  
  53  5:07  Viking  
  53  5:10  Marine  
  53  5:13  SCV  
  55  5:15  SCV, Marine  
  55  5:16  Marine  
  55  5:18  Siege Tank  
  61  5:24  Engineering Bay  
  61  5:28  SCV  
  62  5:41  SCV x2, Medivac  
  69  5:45  Orbital Command, Engineering Bay  
  66  5:52  Combat Shield  
  66  5:53  SCV x2  
  68  5:59  Marine x2  
  68  6:00  Refinery  
  70  6:06  Siege Tank  
  70  6:07  Marine  
  70  6:18  Marine  
  65  6:19  SCV x2, Marine  
  65  6:23  SCV  
  65  6:25  Marine  
  62  6:31  SCV x2  
  64  6:35  SCV  
  65  6:43  Siege Tank, SCV x2  
  65  6:45  Terran Infantry Weapons Level 1  
  70  6:49  SCV  
  70  6:52  Terran Infantry Armor Level 1  
  71  6:55  SCV  
  71  6:56  SCV  
  71  7:00  Barracks  
  73  7:02  Supply Depot  
  73  7:03  SCV  
  73  7:07  SCV  
  73  7:08  SCV  
  76  7:10  Marine  
  77  7:24  SCV x2, Siege Tank  
  77  7:25  Marine  
  77  7:27  SCV, Starport Reactor  
  77  7:29  Refinery  
  84  7:30  Supply Depot  
  84  7:31  Marine  
  85  7:41  Orbital Command  
  85  7:43  SCV x2, Marine  
  88  7:47  Barracks  
  88  7:49  Marine, Barracks, Armory  
  89  7:54  Marine  
  89  7:55  SCV x2  
  92  8:00  Marine  
  92  8:02  Missile Turret  
  92  8:03  Siege Tank  
  96  8:07  SCV x3  
  99  8:13  Marine  
  101  8:23  SCV  
  101  8:25  SCV x2, Liberator x2  
  109  8:32  Marine  
  109  8:33  Marine  
  100  8:35  SCV  
  100  8:37  Supply Depot, SCV  
  100  8:39  Sensor Tower, Barracks Reactor x2  
  100  8:41  Terran Infantry Weapons Level 2  
  102  8:45  SCV  
  102  8:47  Terran Infantry Armor Level 2  
  103  8:55  SCV x2  
  105  8:57  Refinery x2  
  105  8:58  SCV  
  105  8:59  Siege Tank, Marine x3  
  105  9:00  Marine  
  105  9:01  Marine  
  113  9:08  Supply Depot  
  103  9:19  Marine  
  103  9:22  Marine x3  
  103  9:23  Marine x2  
  98  9:24  Viking x2  
  98  9:25  SCV x2, Marine  
  98  9:26  SCV  
  106  9:32  Command Center  
  106  9:34  Terran Vehicle Weapons Level 1  
  106  9:38  SCV  
  107  9:41  SCV x2  
  107  9:42  Siege Tank, Factory  
  107  9:44  Barracks Reactor  
  112  9:46  Marine x2  
  114  9:53  SCV  
  114  9:55  Supply Depot  
  114  9:56  Supply Depot, Viking  
  114  9:59  Viking  
  118  10:01  Marine  
  118  10:02  Marine x2  
  118  10:04  Marine  
  118  10:06  Marine x2  
  124  10:13  Starport  
  124  10:16  Marine  
  124  10:17  Siege Tank, Marine  
  129  10:23  Supply Depot, Marine x2  
  129  10:24  Missile Turret  
  129  10:26  Siege Tank  
  134  10:29  Viking  
  134  10:33  Viking  
  138  10:38  Marine x3  
  141  10:44  Marine  
  141  10:47  Marine  
  141  10:48  Missile Turret  
  143  10:52  Siege Tank  
  143  10:53  Starport Reactor  
  143  10:55  Marine  
  145  11:05  Marine x2  
  145  11:08  Siege Tank, Liberator x2, Marine  
  145  11:11  Marine  
  156  11:15  Supply Depot  
  156  11:16  Sensor Tower  
  156  11:18  Supply Depot  
  156  11:19  Supply Depot x2  
  156  11:21  Planetary Fortress  
  156  11:29  Terran Infantry Armor Level 3  
  156  11:36  Marine x2  
  156  11:37  Supply Depot, SCV x2, Terran Infantry Weapons Level 3  
  159  11:40  Marine x2  
  159  11:42  SCV  
  159  11:44  Siege Tank  
  165  11:47  Supply Depot  
  165  11:49  SCV  
  165  11:50  Missile Turret  
  166  11:54  Missile Turret  
  166  11:55  Missile Turret  
  166  11:57  Missile Turret  
  166  11:58  Missile Turret  
  166  12:01  Siege Tank  
  166  12:06  Marine  
  166  12:07  Marine  
  166  12:08  SCV  
  172  12:12  SCV x2  
  174  12:16  Command Center  
  174  12:19  Siege Tank, Viking  
  174  12:21  SCV x2  
  181  12:24  Terran Vehicle Weapons Level 2  
  181  12:31  Sensor Tower  
  181  12:35  Missile Turret  
  181  12:36  Siege Tank  
  184  12:37  Missile Turret  
  184  12:41  SCV, Refinery x2  
  184  12:42  SCV x2  
  187  12:44  SCV  
  187  12:49  Starport  
  187  12:56  Marine  
  188  13:01  Viking x3  
  194  13:07  Siege Tank  
  197  13:14  Siege Tank  
  197  13:19  Sensor Tower  
  200  13:20  Missile Turret  
  200  13:21  Missile Turret  
  200  13:23  Missile Turret  
  200  13:25  Starport Tech Lab  
  200  13:26  Fusion Core  
  200  13:30  Command Center  
  200  13:34  Missile Turret  
  200  13:38  Missile Turret  
  200  13:40  Missile Turret  
  200  13:41  Sensor Tower  
  200  13:48  Interference Matrix  
  198  14:01  Planetary Fortress  
  198  14:02  Missile Turret  
  198  14:03  Refinery  
  198  14:05  Refinery  
  198  14:11  Raven  
  198  14:13  Liberator x2  
  198  14:15  Advanced Ballistics  
  200  14:30  Command Center  
  171  14:38  Viking x2  
  171  14:39  Siege Tank  
  171  14:43  Armory  
  171  14:45  Starport x2, Hi-Sec Auto Tracking  
  175  14:51  Terran Vehicle And Ship Armor Level 1, Siege Tank  
  174  14:53  Raven  
  174  14:57  Command Center  
  174  14:58  Missile Turret  
  174  15:02  Missile Turret  
  174  15:03  Viking  
  174  15:05  Marine x2  
  178  15:21  Starport Tech Lab x2  
  178  15:22  Siege Tank  
  178  15:23  Marine x3  
  184  15:28  Marine  
  184  15:29  Marine  
  184  15:30  Raven, Medivac x2  
  184  15:34  Orbital Command  
  192  15:39  Terran Vehicle Weapons Level 3  
  192  15:42  Orbital Command  
  192  15:43  Command Center  
  192  15:46  Raven x2  
  196  16:07  Siege Tank  
  196  16:10  Siege Tank  
  189  16:11  Marine  
  189  16:14  Raven  
  189  16:16  Marine x5  
  189  16:17  Marine  
  198  16:21  Raven  
  198  16:22  Missile Turret  
  200  16:26  Missile Turret  
  200  16:32  Weapon Refit  
  200  16:38  Command Center  
  200  16:47  Terran Vehicle And Ship Armor Level 2  
  200  17:15  Marine  
  195  17:16  Siege Tank  
  198  17:29  Missile Turret  
  198  17:30  Missile Turret, Sensor Tower  
  198  17:32  Missile Turret  
  198  17:33  Missile Turret  
  198  17:34  Missile Turret x2  
  198  17:37  Neosteel Armor  
  198  17:44  Raven  
  198  17:49  Planetary Fortress  
  193  18:02  Refinery x2, Viking x4  
  193  18:03  Marine x2  
  199  18:14  Orbital Command, Missile Turret x2  
  199  18:15  Missile Turret  
  199  18:17  Marine  
  199  18:19  Marine  
  195  18:20  Marine, Command Center x2  
  195  18:21  Raven x2  
  194  18:27  Raven  
  194  18:33  Marine x2  
  195  18:37  Orbital Command  
  195  18:43  Marine  
  196  18:51  Terran Ship Weapons Level 1  
  196  18:52  Marine x2  
  196  18:54  Command Center  
  198  18:57  Marine x2  
  200  19:07  Marine x2  
  200  19:08  Marine x2  
  200  19:09  Marine  
  200  19:28  Missile Turret, Command Center  
  200  19:30  Missile Turret  
  199  19:48  Missile Turret  
  199  19:50  Missile Turret  
  199  19:51  Missile Turret  
  199  19:52  Marine, Refinery  
  200  19:54  Refinery  
  200  20:02  Missile Turret  
  200  20:04  Missile Turret x2  
  200  20:07  Missile Turret  
  200  20:10  Sensor Tower  
  200  20:14  Missile Turret  
  200  20:15  Missile Turret  
  200  20:23  Orbital Command x2  
  200  20:32  Raven  
  200  20:40  Viking x3  
  199  20:46  Viking  
  199  20:49  Planetary Fortress  
  200  21:02  Missile Turret x3  
  198  21:09  Marine x3  
  198  21:10  Siege Tank x2  
  198  21:11  Raven x2  
  184  21:13  Marine x2  
  184  21:15  Marine  
  184  21:18  Missile Turret  
  182  21:19  Missile Turret  
  182  21:25  Terran Ship Weapons Level 2, Terran Vehicle And Ship Armor Level 3  
  182  21:26  Marine  
  182  21:27  Raven  
  182  21:28  Viking x2  
  182  21:31  Marine  
  190  21:36  Medivac  
  190  21:38  Marine, Medivac  
  194  21:40  Marine x3  
  194  21:46  Marine  
  198  21:52  Marine  
  195  21:56  Raven x2  
  198  22:04  Marine  
  198  22:05  Marine  
  200  22:12  Orbital Command  
  195  22:23  Marine  
  195  22:24  Marine  
  195  22:27  Liberator  
  200  23:32  Marine  
  196  23:41  Marine x2  
  198  23:42  Marine  
  198  23:47  Marine  
  188  24:03  Viking x2  
  188  24:04  Raven, Viking  
  188  24:05  Raven  
  188  24:09  Terran Ship Weapons Level 3  
  195  24:12  Marine x2  
  195  24:17  Marine  
  198  24:30  Marine  
  199  24:32  Marine  
  200  24:42  Marine  
  196  24:47  Marine  
  197  24:57  Marine  
  197  24:58  Marine  
  188  25:00  Viking x2  
  188  25:02  Viking x2  
  188  25:03  Raven  
  188  25:05  Marine  
  188  25:07  Marine  
  199  25:10  Medivac  
  200  25:18  Marine  
  200  25:20  Marine  
  199  25:32  Marine  
  199  25:49  Marine  
  199  26:18  Marine  
  195  26:34  Marine  
  177  26:41  Marine  
  177  26:42  Marine x2  
  177  26:43  Viking x2  
  177  26:44  Viking x2  
  173  26:51  Raven x3, Marine x2  
  173  26:52  Siege Tank  
  173  26:53  Siege Tank  
  184  26:55  Marine  
  185  27:03  Marine  
  185  27:05  Marine  
  185  27:07  Orbital Command  
  187  27:10  Marine  
  187  27:11  Marine  
  187  27:12  Marine  
  190  27:18  Marine  
  191  27:26  Missile Turret  
  191  27:27  Missile Turret  
  191  27:28  Siege Tank x2, Missile Turret  
  191  27:29  Raven, Missile Turret  
  199  27:34  Marine  
  200  27:55  Command Center  
  197  28:00  Marine  
  186  28:10  Raven  
  186  28:11  Raven x2  
  170  28:14  Viking x2  
  170  28:17  Marine  
  170  28:18  Marine  
  177  28:21  Viking x2  
  177  28:22  Marine x2  
  177  28:24  Marine x2  
  179  28:29  Marine x2  
  179  28:32  Marine  
  178  28:37  Marine  
  179  28:47  Viking x2  
  179  28:48  Raven x2  
  186  28:51  Marine  
  186  28:55  Marine  
  146  29:22  Marine x2  
  146  29:23  Viking x2  
  124  29:27  Viking x2  
  124  29:28  Raven x3, Thor  
  124  29:29  Thor, Marine x4  
  138  29:34  Marine  
  138  29:36  Planetary Fortress  
  135  29:42  Marine x2  
  136  29:47  Marine x4  
  140  29:54  Marine  
  140  29:56  Viking x2  
  133  30:01  Viking x2  
  133  30:02  Raven, Marine  
  133  30:04  Marine  
  133  30:05  Marine  
  133  30:06  Marine  
  143  30:07  Raven x2, Marine  
  143  30:08  Marine x3  
  143  30:14  Marine  
  158  30:15  Thor  
  158  30:16  Thor  
  158  30:19  Marine  
  158  30:20  Marine  
  165  30:21  Marine  
  165  30:23  Marine  
  165  30:28  Viking x2  
  171  30:33  Marine  
  172  30:36  Raven  
  172  30:38  Marine  
  174  30:43  Raven x2  
  174  30:44  Viking x2  
  122  31:05  Marine  
  122  31:07  Viking  
  122  31:08  Siege Tank x2, Viking  
  122  31:09  Marine x3  
  122  31:11  Marine  
  87  31:12  Marine x4  
  87  31:13  Raven  
  87  31:15  Viking x2  
  87  31:18  Marine  
  96  31:19  Raven x2  
  96  31:25  Marine  
  99  31:27  Marine x2  
  99  31:30  Marine x2  
  99  31:32  Marine  
  105  31:33  Marine  
  105  31:37  Marine  
  105  31:39  Viking x2  
  111  31:42  Marine x2  
  111  31:43  Marine  
  111  31:47  Viking x2  
  116  31:48  Raven  
  116  31:53  Orbital Command, Raven  
  116  31:54  Raven  
  117  32:02  Marine x3  
  120  32:10  Viking x2  
  124  32:23  Raven  
  124  32:24  Viking  
  124  32:25  Viking  
  124  32:29  Marine x3  
  133  32:38  Marine x3  
  133  32:40  Marine  
  137  32:45  Marine  
  137  32:49  Marine  
  137  32:50  Marine x2  
  141  32:54  Medivac  
  141  32:57  Medivac  
  145  32:58  Marine  
  145  33:00  Marine  
  147  33:07  Marine x3  
  147  33:11  Marine  
  151  33:13  Marine  
  151  33:14  Marine  
  153  33:20  Marine  
  153  33:25  Marine  
  155  33:28  Raven x2  
  155  33:33  Marine  
  162  33:48  Viking x2  
  286  33:55  Viking  
  166  34:05  Viking  
  166  34:06  Marine  
  169  34:17  Marine  
Show
View Real Time Build Order
Export as new Build Order

ByuN Terran - Winner!

Build Orders: Gas First Reaper Expand, Banshee Rush 

Get SALT Encoding   

  12  0:00  SCV  
  13  0:12  SCV  
  14  0:17  Supply Depot  
  14  0:24  SCV  
  14  0:27  Refinery  
  15  0:38  SCV  
  16  0:44  Barracks  
  16  0:50  SCV  
  17  1:03  SCV  
  18  1:15  SCV  
  19  1:31  Orbital Command, Reaper  
  20  1:42  Command Center  
  20  1:53  Factory  
  20  1:56  SCV  
  21  2:05  Barracks Reactor  
  21  2:06  Refinery  
  21  2:10  SCV  
  21  2:15  Supply Depot  
  22  2:22  SCV  
  23  2:37  SCV  
  24  2:38  Starport  
  24  2:46  Hellion x2  
  24  2:49  SCV  
  28  2:53  Supply Depot  
  28  2:55  Barracks Tech Lab  
  28  3:01  SCV  
  29  3:07  Hellion  
  31  3:15  Hellion  
  31  3:18  SCV  
  33  3:28  Orbital Command  
  33  3:30  SCV  
  34  3:40  Banshee  
  37  3:43  Cloaking Field  
  38  3:50  Marine x2  
  38  3:51  Factory Tech Lab  
  38  3:52  SCV  
  38  3:54  SCV  
  41  4:04  SCV  
  41  4:06  SCV  
  41  4:08  Marine x2  
  45  4:13  Siege Tank  
  45  4:16  SCV  
  46  4:19  Refinery  
  46  4:23  Banshee  
  49  4:24  SCV  
  49  4:28  Supply Depot, SCV  
  51  4:36  SCV  
  52  4:39  Marine x2  
  54  4:49  SCV x2, Siege Tank  
  59  4:53  Supply Depot  
  59  4:57  Marine x2  
  61  5:01  SCV  
  61  5:05  Supply Depot  
  62  5:13  SCV x2  
  61  5:17  Starport Reactor  
  61  5:24  Stimpack  
  61  5:25  SCV  
  61  5:26  Barracks  
  61  5:28  SCV  
  63  5:38  SCV  
  63  5:40  SCV  
  63  5:41  Marine, Barracks  
  63  5:42  Command Center  
  63  5:44  Siege Tank  
  66  5:51  Engineering Bay  
  66  5:52  Engineering Bay  
  66  5:55  SCV x2  
  68  6:00  Starport Reactor  
  68  6:02  Refinery  
  68  6:03  Marine  
  69  6:07  SCV x2  
  71  6:13  Marine  
  71  6:14  Marine  
  73  6:19  SCV x2  
  73  6:21  Siege Tank  
  73  6:25  Marine  
  76  6:26  Terran Infantry Weapons Level 1, Terran Infantry Armor Level 1  
  76  6:31  SCV x2  
  78  6:34  Barracks  
  78  6:35  Barracks  
  78  6:39  Missile Turret  
  74  6:41  Medivac  
  74  6:44  Medivac  
  78  6:51  SCV x2, Marine x3  
  78  6:53  Marine  
  84  6:57  Orbital Command  
  84  7:04  Combat Shield  
  84  7:06  Siege Tank  
  87  7:08  SCV x2  
  89  7:16  Marine x2  
  89  7:17  Marine  
  89  7:18  Marine x2  
  91  7:32  Medivac  
  91  7:33  Medivac  
  91  7:34  Marine x2  
  91  7:35  Marine x2  
  91  7:36  Marine  
  100  7:39  Barracks Reactor x2  
  100  7:43  Supply Depot  
  100  7:52  Marine  
  100  7:58  Supply Depot, Orbital Command  
  101  8:05  Siege Tank, Marine x4  
  108  8:06  Supply Depot, Armory  
  108  8:07  SCV  
  109  8:17  SCV, Marine x2  
  109  8:19  Marine  
  110  8:21  SCV  
  110  8:22  Marine x4  
  110  8:24  SCV  
  116  8:29  SCV  
  116  8:32  Missile Turret  
  116  8:33  SCV, Marine x2  
  107  8:34  Marine x2  
  107  8:36  SCV  
  107  8:37  Marine  
  107  8:40  Marine x4  
  115  8:44  Sensor Tower  
  115  8:50  Marine  
  115  8:51  Siege Tank, Marine  
  115  8:52  Marine x2, Terran Infantry Armor Level 2, Terran Infantry Weapons Level 2  
  122  8:57  Marine  
  122  8:58  Marine  
  122  8:59  Terran Vehicle Weapons Level 1  
  124  9:17  Marine x2  
  111  9:18  Marine x2  
  111  9:19  Marine  
  111  9:23  Marine  
  111  9:24  Siege Tank, Marine x2  
  108  9:29  Command Center  
  111  9:34  Marine x2  
  111  9:36  Marine x3  
  111  9:37  SCV  
  111  9:38  SCV  
  117  9:39  SCV, Barracks  
  117  9:41  Barracks  
  117  9:44  Barracks  
  118  9:47  Missile Turret  
  118  9:49  Barracks Reactor  
  118  9:50  Missile Turret  
  118  9:51  Marine x3  
  118  9:52  Supply Depot, Marine x2  
  121  9:54  Marine  
  121  9:58  Supply Depot  
  124  10:02  Supply Depot  
  124  10:03  Supply Depot  
  124  10:05  Siege Tank, Marine  
  128  10:08  Medivac x2  
  128  10:11  SCV  
  128  10:13  SCV x2  
  135  10:24  Marine x4  
  135  10:25  Marine x3  
  135  10:26  Marine x3  
  146  10:29  Barracks Reactor  
  146  10:31  Barracks Reactor x2  
  145  10:35  Missile Turret  
  145  10:37  SCV x3  
  145  10:39  Siege Tank  
  151  10:47  Marine  
  151  10:48  Marine x3  
  151  10:49  Factory  
  153  10:51  Planetary Fortress  
  153  11:11  Siege Tank  
  153  11:13  Marine x9  
  153  11:14  Medivac x2  
  153  11:16  Marine  
  153  11:17  Marine x6  
  176  11:19  SCV  
  176  11:21  Supply Depot  
  177  11:32  SCV x3  
  180  11:36  Refinery  
  180  11:37  Refinery  
  180  11:39  Command Center  
  180  11:40  SCV  
  180  11:43  Marine x7, Medivac  
  188  11:47  Supply Depot  
  188  11:49  Terran Infantry Armor Level 3  
  188  11:55  Terran Infantry Weapons Level 3  
  188  12:05  Siege Tank  
  187  12:14  Siege Tank  
  190  12:17  Starport, Refinery  
  190  12:18  Refinery  
  190  12:20  Starport  
  190  12:30  Command Center  
  190  12:37  Siege Tank  
  190  12:42  Command Center  
  193  12:46  Siege Tank  
  196  12:52  Planetary Fortress  
  196  12:54  SCV x3  
  196  12:55  Sensor Tower  
  196  12:56  Starport Tech Lab x2  
  199  13:02  SCV  
  200  13:15  Command Center  
  200  13:18  Command Center, Viking x2  
  199  13:21  Raven  
  199  13:22  Raven  
  199  13:24  Interference Matrix  
  200  13:30  Missile Turret  
  199  13:49  Orbital Command  
  199  13:57  Starport  
  199  13:59  Starport  
  199  14:02  Marine  
  200  14:03  Orbital Command  
  200  14:04  Terran Vehicle And Ship Armor Level 1  
  200  14:08  Armory  
  188  14:42  Raven  
  188  14:45  Starport Tech Lab  
  192  14:48  Raven, Orbital Command  
  192  14:49  Orbital Command  
  192  14:50  Starport Reactor  
  192  14:54  SCV x6  
  198  15:02  Refinery  
  198  15:07  Terran Ship Weapons Level 1  
  198  15:08  Command Center, Neosteel Armor  
  198  15:09  Hi-Sec Auto Tracking, Command Center  
  196  15:17  Raven  
  196  15:20  Command Center  
  198  15:22  Raven  
  198  15:26  Command Center  
  200  15:29  Command Center  
  200  15:30  Starport Tech Lab, Command Center  
  191  15:35  Viking  
  191  15:36  Viking x3  
  191  15:37  Sensor Tower  
  199  15:46  Refinery  
  199  16:08  Missile Turret  
  174  16:12  Raven x3  
  174  16:13  Viking x4  
  187  16:24  Planetary Fortress, Starport x2  
  187  16:25  Orbital Command  
  187  16:28  Missile Turret, Terran Vehicle And Ship Armor Level 2  
  187  16:29  Refinery  
  187  16:34  Siege Tank x2  
  187  16:39  Marine  
  194  16:43  Viking x2  
  194  16:44  Viking  
  200  16:48  Missile Turret  
  200  16:54  Command Center  
  200  16:55  Orbital Command x2, Command Center  
  200  16:56  Planetary Fortress  
  200  17:09  Missile Turret  
  191  17:20  Viking x3  
  191  17:21  Viking  
  191  17:22  Viking  
  200  17:28  Refinery  
  200  17:31  Terran Ship Weapons Level 2  
  194  18:01  Missile Turret  
  194  18:03  Command Center  
  194  18:04  Missile Turret  
  194  18:06  Missile Turret  
  194  18:07  Command Center  
  194  18:09  Missile Turret, Sensor Tower  
  185  18:21  Siege Tank x2  
  185  18:25  Marine x3  
  185  18:26  Marine x3  
  185  18:28  Marine x9  
  185  18:29  Marine  
  185  18:30  Viking  
  185  18:31  Raven x3  
  199  18:38  Missile Turret  
  199  18:39  Missile Turret  
  199  18:43  Marine  
  199  18:45  Terran Vehicle And Ship Armor Level 3  
  200  18:49  Orbital Command x2  
  199  19:01  Command Center  
  196  19:11  Marine  
  196  19:12  Marine x3  
  200  19:40  Command Center  
  200  19:42  Sensor Tower  
  200  19:44  Missile Turret  
  200  19:46  Factory, Command Center  
  200  19:47  Terran Vehicle Weapons Level 2, Factory  
  200  19:49  Missile Turret  
  200  19:50  Missile Turret  
  200  20:14  Orbital Command  
  198  20:34  Siege Tank x2  
  200  20:39  Raven  
  200  20:48  Orbital Command  
  200  20:51  Starport Tech Lab x2  
  200  20:54  Fusion Core  
  200  20:57  Factory Tech Lab x2  
  200  21:10  Siege Tank, Missile Turret  
  198  21:12  Missile Turret x2  
  198  21:13  Missile Turret  
  198  21:15  Missile Turret  
  198  21:18  Raven x2, Missile Turret  
  192  21:19  Raven  
  192  21:21  Siege Tank, Barracks  
  192  21:22  Terran Ship Weapons Level 3  
  199  21:35  Planetary Fortress  
  199  21:37  Refinery x2  
  195  21:41  Raven x2  
  195  21:42  Viking  
  200  21:53  Planetary Fortress, Missile Turret  
  198  21:54  Missile Turret  
  198  22:01  Marine x6  
  200  22:12  Orbital Command  
  199  22:23  Orbital Command  
  199  22:27  Viking  
  200  22:30  Starport x2  
  193  22:42  Viking  
  193  22:43  Viking x2  
  199  22:47  Starport  
  199  22:49  Starport  
  193  23:30  Viking  
  193  23:31  Viking x2  
  195  23:52  Viking x2  
  195  24:00  Viking x2  
  195  24:02  Viking x3  
  194  24:05  Viking x3  
  200  24:41  Missile Turret  
  200  24:58  Raven x2  
  200  24:59  Viking x2  
  189  25:01  Viking  
  189  25:02  Siege Tank, Viking x3  
  198  25:27  Siege Tank  
  198  25:47  Starport Tech Lab  
  198  25:48  Starport Tech Lab x2  
  196  26:10  Siege Tank  
  199  26:17  Missile Turret, Command Center  
  197  26:19  Missile Turret  
  197  26:26  Siege Tank  
  189  26:41  Siege Tank x2  
  189  26:42  Battlecruiser x2  
  189  26:43  Viking x3  
  189  26:46  Siege Tank  
  191  26:51  Viking x2  
  193  26:58  Siege Tank  
  196  27:13  Siege Tank  
  198  27:19  Missile Turret  
  198  27:20  Missile Turret  
  195  27:25  Missile Turret  
  195  27:36  Marine  
  196  27:42  Starport Tech Lab  
  193  27:45  Command Center  
  193  27:46  Missile Turret  
  193  27:47  Missile Turret  
  193  27:50  Missile Turret  
  190  27:54  Missile Turret  
  190  27:55  Terran Vehicle Weapons Level 3  
  190  27:57  Weapon Refit  
  186  28:10  Raven x2, Viking  
  186  28:11  Viking x8  
  170  28:12  Siege Tank  
  170  28:16  Siege Tank x3  
  160  28:40  Viking  
  160  28:41  Raven x2, Viking x6  
  172  28:44  Viking x2  
  172  28:45  Siege Tank  
  172  28:48  Siege Tank x3  
  191  29:10  Viking  
  191  29:11  Viking x3  
  191  29:13  Viking x2  
  191  29:18  Viking x2  
  191  29:19  Siege Tank  
  191  29:20  Siege Tank  
  191  29:21  Siege Tank x2  
  191  29:23  Viking  
  191  29:24  Viking x2  
  188  29:27  Marine x3  
  184  29:40  Viking  
  184  29:41  Viking  
  184  29:43  Battlecruiser x2  
  198  30:47  Battlecruiser  
  196  30:57  Siege Tank x2  
  196  31:02  Marine  
  196  31:03  Marine x2  
  174  31:06  Siege Tank x2  
  178  31:18  Battlecruiser  
  178  31:19  Battlecruiser x2  
  196  31:59  Orbital Command  
  189  32:05  Battlecruiser x2  
  200  32:13  Refinery  
  200  32:18  Missile Turret  
  200  32:19  Refinery  
  200  32:20  Missile Turret  
  200  33:17  Raven x2  
  199  33:22  Raven x3  
  199  33:25  Orbital Command  
  192  33:43  Missile Turret  
  192  33:46  Missile Turret  
  192  33:47  Missile Turret  
  192  33:48  Missile Turret  
  191  33:54  Battlecruiser x2  
  165  34:39  Marine x5  
  165  34:42  Marine  
Tags
 
Add a new tag
Caveats
  • Supply blocks, unpowered buildings, or Contaminate may cause inaccurate times.
  • Supply counts are checked every 10 seconds.